FIQ, neutral male scurrid Tourist | ... |.<.. .rW ---- ... FIQ the Rambler Experience level: 1 Strength: 10 Dexterity: 12 Constitution: 14 Intelligence: 13 Wisdom: 9 Charisma: 17 Health: 0(9) Energy: 2(2) Def: 0 Gold: 68 Moves: 169 Dungeon seed: U6-9besUXX1a_ifB Game ID: FIQ_1498600879 Your Inventory: Coins $ - 68 gold pieces Weapons a - 51 uncursed +2 darts (in quiver) Armor e - an uncursed +0 Hawaiian shirt (being worn) Comestibles b - 3 uncursed cram rations c - 6 uncursed food rations d - an uncursed orange f - an uncursed tin of newt meat Scrolls h - 4 uncursed scrolls of magic mapping Potions g - 2 uncursed potions of extra healing Wands k - an uncursed wand of secret door detection (0:15) Tools i - an uncursed expensive camera (0:75) j - an uncursed credit card l - an uncursed tin opener Spells and supernatural/magical abilities: Name Level Category Fail Memory W - pray for help -- divine ? -- Your skills at the end: Miscellaneous Skills wands [Basic] Weapon Skills dart [Basic] Spellcasting Skills Final Attributes: You were devoutly aligned. You had infravision. You were very stealthy. You are dead. Voluntary challenges: You went without food. You did not adorn yourself with jewelry or accessories. You did not cause conflict. You were not invisible. You did not have reflection. You were not displaced. You were an atheist. You never hit with a wielded weapon. You were a pacifist. You did not use tools. You did not use plumbed fixtures. You did not drink any magical draughts. You were illiterate. You never genocided any monsters. You never polymorphed an object. You never changed form. You used no wishes. You never split a pudding. You never wrote Elbereth's name. You never violated your personal moral code. Dungeon overview: The Dungeons of Doom: levels 1 to 16 Level 1 a long staircase Level 2 Level 3 Level 4 Level 5 Level 6 Level 7 an altar to Offler Level 8 Level 9 Level 10 a fountain Level 11 Level 12 Level 13 Level 14 Level 15 a temple to Offler Level 16 <- You were here History has recorded: On T:1 you entered the Dungeons of Doom to retrieve the Amulet of Yendor! On T:135 you reached level 2 of The Dungeons of Doom. On T:137 you reached level 3 of The Dungeons of Doom. On T:139 you reached level 4 of The Dungeons of Doom. On T:142 you reached level 5 of The Dungeons of Doom. On T:144 you reached level 6 of The Dungeons of Doom. On T:146 you reached level 7 of The Dungeons of Doom. On T:148 you reached level 8 of The Dungeons of Doom. On T:151 you reached level 9 of The Dungeons of Doom. On T:153 you reached level 10 of The Dungeons of Doom. On T:157 you reached level 11 of The Dungeons of Doom. On T:159 you reached level 12 of The Dungeons of Doom. On T:161 you reached level 13 of The Dungeons of Doom. On T:163 you reached level 14 of The Dungeons of Doom. On T:166 you reached level 15 of The Dungeons of Doom. On T:168 you reached level 16 of The Dungeons of Doom. Score breakdown: Gold: 0 ( 0 points) Experience: 1 level ( 0 points) Exploration: 16 levels ( 450 points) Discoveries: 0 items ( 0 points) Variety of kills: 0 monsters ( 0 points) Major goal: (nothing yet) ( 0 points) Survival: died (score multiplied by 3) Total score: 1350 Latest messages: You fall through... You start digging downward. The manes punches you! (2x) The manes just misses! You continue digging downward. You dig a pit in the floor. The manes punches you! (2x) The manes bites! You continue digging downward. You dig a hole through the floor. You fall through... The priest of Offler intones: "Pilgrim, you enter a sacred place!" You have a strange forbidding feeling... You start digging downward. You continue digging downward. You dig a pit in the floor. You continue digging downward. You dig a hole through the floor. You fall through... You receive a faint telepathic message from Twoflower: Your help is urgently needed at Ankh-Morpork! Look for a ...ic transporter. You couldn't quite make out that last message. You start digging downward. The manes punches you! You die... Final status: Aloha FIQ the Tourist, killed by a manes... You died in The Dungeons of Doom on dungeon level 16 with 1350 points, and 68 pieces of gold, after 169 moves. You were level 1 with a maximum of 9 hit points when you died.